 Dungeon Crawl Stone Soup version 0.20.1-1-g8b1a95d (webtiles) character file.

259 vatarom the Insei (level 5, 0/46 HPs)
             Began as a Draconian Transmuter on Sept 20, 2017.
             Slain by a ball python (1 damage)
             ... in a sewer.
             The game lasted 00:09:36 (3218 turns).

vatarom the Insei (Draconian Transmuter)            Turns: 3218, Time: 00:09:37

Health: 0/46       AC:  8    Str: 12    XL:     5   Next: 95%
Magic:  5/8        EV: 12    Int: 13    God:
Gold:   165        SH:  0    Dex: 11    Spells: 2/8 levels left

rFire    . . .     SeeInvis .     - Unarmed
rCold    . . .     Gourm    .   (no shield)
rNeg     . . .     Faith    .   (armour unavailable)
rPois    .         Spirit   .   (helmet restricted)
rElec    .         Reflect  .   (no cloak)
rCorr    +         Harm     .   l - +2 pair of gloves
MR       .....                  (no boots)
Stlth    ++........             (no amulet)
Regen    0.2/turn               e - ring of resist corrosion
MPRegen  0.2/turn               h - ring of stealth

@: lethally poisoned (0 -> -5)
A: unfitting armour, stinger 1, clumsy 1, cold-blooded, AC +5
a: no special abilities


You were in a sewer.
You were not hungry.

You visited 1 branch of the dungeon, and saw 4 of its levels.
You also visited: Sewer.

You collected 165 gold pieces.

Inventory:

Missiles
 a - 25 arrows
Armour
 l - a +2 pair of gloves (worn)
Jewellery
 e - a ring of resist corrosion (left hand)
 h - a ring of stealth (right hand)
Wands
 k - a wand of flame (26/48)
Potions
 j - a potion of magic
Books
 b - a book of Changes

   Spells                             Type                      Level
   a - Beastly Appendage              Transmutation                1
   b - Sticks to Snakes               Transmutation                2
   c - Spider Form                    Transmutation/Poison         3
   d - Ice Form                       Ice/Transmutation            4
   e - Blade Hands                    Transmutation                5
Comestibles
 c - 3 bread rations
 f - 2 meat rations
 i - a royal jelly


   Skills:
 * Level 4.2 Fighting
 - Level 1.7 Dodging
 * Level 4.7 Unarmed Combat
 - Level 2.0 Spellcasting
 + Level 3.2 Transmutations


You had 2 spell levels left.
You knew the following spells:

 Your Spells              Type           Power        Failure   Level  Hunger
a - Beastly Appendage     Tmut           #.....       7%          1    ##.....
b - Sticks to Snakes      Tmut           #.......     11%         2    ###....
c - Spider Form           Tmut/Pois      #.........   36%         3    ####...


Dungeon Overview and Level Annotations

Branches:
Dungeon (4/15)
 Temple: D:4-7

Altars:


Innate Abilities, Weirdness & Mutations

Your plain brown scales are hard. (AC +5)
You cannot fit into any form of body armour.
You are cold-blooded and may be slowed by cold attacks.
Your tail ends in a poisonous barb.
You are clumsy. (Dex -2)


Message History

Unknown command.
You barely miss the adder.
The adder is heavily wounded.
* * * LOW HITPOINT WARNING * * *
You feel sick. The ball python barely misses you. x2
The adder bites you but does no damage. The ball python closely misses you. x2
Unknown command.
You miss the adder.
The adder is heavily wounded.
* * * LOW HITPOINT WARNING * * *
You feel sick. The adder barely misses you.
The ball python bites you but does no damage.
The ball python closely misses you.
Unknown command.
You miss the adder.
The adder is severely wounded.
* * * LOW HITPOINT WARNING * * *
You feel sick. The adder bites you but does no damage.
The ball python bites you.
You die...

#. ##.. #... #... #...#
#...##
#....##################
#.....@≈≈≈≈≈≈≈≈.≈≈≈≈≈≈#
#....SS≈≈÷≈≈≈≈≈≈≈≈÷≈≈≈.
#.....≈≈≈≈≈≈≈≈≈#≈≈#≈≈≈.
##...†≈≈≈≈≈≈≈≈≈≈≈≈≈≈≈≈.
##....≈≈≈≈≈≈≈≈≈≈≈≈≈≈≈≈
###..≈≈≈≈≈≈≈≈≈≈≈≈≈≈≈#
###################


You could see an adder and a ball python.

Vanquished Creatures
  A hound (D:4)
  A worker ant (D:4)
  4 adders
  3 river rats
  5 worms
  3 dart slugs
  4 leopard geckos
  An orc (D:3)
  5 giant cockroaches
  8 goblins
  7 hobgoblins
  2 jackals (D:3)
  5 kobolds
  2 quokkas
  A ball python (Sewer)
  7 bats
  3 frilled lizards
  A jackal skeleton (D:4)
  13 rats
76 creatures vanquished.

Vanquished Creatures (collateral kills)
  A crimson imp (D:3)
  3 gnolls (D:3)
  A river rat (Sewer)
  A ball python (Sewer)
  3 rats (Sewer)
9 creatures vanquished.

Grand Total: 85 creatures vanquished

Notes
Turn   | Place    | Note
-------+----------+-------------------------------------------
     0 | D:1      | vatarom the Draconian Transmuter began the quest for the Orb.
     0 | D:1      | Reached XP level 1. HP: 16/16 MP: 3/3
   222 | D:1      | Reached XP level 2. HP: 16/24 MP: 5/5
   877 | D:2      | Reached XP level 3. HP: 15/30 MP: 6/6
  1127 | D:2      | Learned a level 2 spell: Sticks to Snakes
  1131 | D:2      | Learned a level 3 spell: Spider Form
  1623 | D:2      | Reached XP level 4. HP: 37/37 MP: 7/7
  2394 | D:4      | Reached XP level 5. HP: 37/46 MP: 8/8
  2487 | D:4      | Gained mutation: You are clumsy. (Dex -2) [potion of mutation]
  2487 | D:4      | Gained mutation: Your tail ends in a poisonous barb. [potion of mutation]
  2670 | D:4      | Found a glowing drain.
  2797 | Sewer    | Entered a sewer
  3217 | Sewer    | HP: 2/46 [poisoned by an adder]
  3218 | Sewer    | Slain by a ball python

Skill      XL: |  1  2  3  4  5 |
---------------+----------------+-----
Fighting       | 2 3 4 |  4.2
Unarmed Combat | 4 |  4.7
Transmutations | 3 |  3.2
Dodging        | |  1.7
Spellcasting   | |  2.0

Action                   |  1- 3 |  4- 6 || total
-------------------------+-------+-------++-------
Melee: Unarmed           |   136 |   194 ||   330
       Kick              |     9 |     5 ||    14
       Tailslap          |     7 |     9 ||    16
       Headbutt          |     4 |     4 ||     8
       Punch             |       |     5 ||     5
 Cast: Beastly Appendage |    10 |     6 ||    16
       Spider Form       |     1 |     2 ||     3
       Sticks to Snakes  |       |     6 ||     6
  Use: Potion            |     3 |     2 ||     5
       Scroll            |     5 |     5 ||    10
 Stab: Sleeping          |     3 |     6 ||     9
       Distracted        |       |     1 ||     1
  Eat: Chunk             |     3 |     5 ||     8
       Meat ration       |       |     1 ||     1
Armor: Skin              |    35 |    73 ||   108
Dodge: Dodged            |    98 |   147 ||   245
